 Dungeon Crawl Stone Soup version 0.25.1-9-gc5326a611f (webtiles) character file.

Game seed: 10184551006308890908

277 Goreval the Sneak (level 6, -5/36 HPs)
             Began as an Octopode Wizard on Jan 1, 2021.
             Was a Follower of Nemelex Xobeh.
             Shot with an arrow by a centaur (12 damage)
             ... on level 3 of the Dungeon.
             The game lasted 00:09:19 (4601 turns).

Goreval the Sneak (Octopode Wizard)                 Turns: 4601, Time: 00:09:19

Health: -5/36      AC:  2    Str:  6    XL:     6   Next: 26%
Magic:  29/29      EV: 14    Int: 22    God:    Nemelex Xobeh [*.....]
Gold:   134        SH:  0    Dex: 11    Spells: 1/12 levels left

rFire    . . .     SeeInvis .   i - +0 dagger
rCold    . . .     Gourm    .   (no shield)
rNeg     . . .     Faith    .   a - +1 hat
rPois    .         Spirit   .   (no amulet)
rElec    .         Reflect  .   j - ring of magical power
rCorr    .         Harm     .   u - ring of magical power
MR       .....                  (no ring)
Stlth    ++++......             (no ring)
HPRegen  0.12/turn              (no ring)
MPRegen  0.21/turn              (no ring)
                                (no ring)
                                (no ring)

@: no status effects
A: almost no armour, stealthy swim, amphibious, 8 rings, constrict 8, camouflage
1, gelatinous body 1
a: Draw Escape, Draw Destruction, Draw Summoning, Renounce Religion


You were on level 3 of the Dungeon.
You worshipped Nemelex Xobeh.
Nemelex Xobeh was aware of your devotion.
You were very hungry.

You visited 1 branch of the dungeon, and saw 3 of its levels.

You collected 134 gold pieces.

Inventory:

Hand Weapons
 i - a +0 dagger (weapon)
Missiles
 g - 94 stones (quivered)
 k - a throwing net
Armour
 a - a +1 hat (worn)
Jewellery
 j - a ring of magical power (left tentacle)
 m - an uncursed ring of ice
 u - a ring of magical power (right tentacle)
Scrolls
 l - 2 scrolls of enchant armour
 n - a scroll of magic mapping
Potions
 b - a potion of curing
 d - a potion of mutation {unknown}
 e - 3 potions of brilliance
 f - a potion of haste
 p - a potion of lignification {unknown}
 w - a potion of berserk rage {unknown}
Comestibles
 c - 8 rations


   Skills:
 + Level 3.3 Dodging
 + Level 4.6 Stealth
 + Level 3.8 Spellcasting
 * Level 3.9 Conjurations
 - Level 1.0 Summonings
 - Level 1.0 Translocations


You had one spell level left.
You knew the following spells:

 Your Spells              Type           Power        Failure   Level  Hunger
a - Magic Dart            Conj           ###.         2%          1    None
b - Mephitic Cloud        Conj/Pois/Air  #.......     21%         3    ###....
c - Conjure Flame         Conj/Fire      ##......     16%         3    ###....
n - Blink                 Tloc           N/A          12%         2    #......
z - Call Imp              Summ           #.......     12%         2    #......

Your spell library contained the following spells:

 Spells                   Type           Power        Failure   Level  Hunger
 Slow                     Hex            #.......     17%         2    #......


Dungeon Overview and Level Annotations

Branches:
Dungeon (3/15)

Altars:
Nemelex Xobeh


Innate Abilities, Weirdness & Mutations

You cannot wear most types of armour.
You are very stealthy in the water. (Stealth+)
You are amphibious.
You can wear up to eight rings at the same time.
You can use your tentacles to constrict eight enemies at once.
Your skin changes colour to match your surroundings (Stealth+).
Your rubbery body absorbs attacks. (AC +1, EV +1)


Message History

It was a scroll of teleportation.
Okay, then.
Your surroundings suddenly seem different.
You hear a deep rumble.
You start resting.
You are feeling hungry.
You start resting.
There is a stone staircase leading down here.
The centaur is too close now for your liking.
The centaur shoots an arrow.
The arrow hits you!
You see here an arrow.
You are feeling very hungry.
You see here a +0 whip.
The centaur shoots an arrow.
The arrow hits you!
The centaur shoots an arrow.
The arrow hits you!
* * * LOW HITPOINT WARNING * * *
You see here 2 arrows.
The centaur shoots an arrow.
The arrow hits you!
You die...
Your body disappears without a glow.

# #...#####.#.........#...# #
#.......................# #
#..#......###.#######..## #
#....###..###..........######## #
#.#..(.c......................[ #
#.#.####..###########.######### #
#.#.# #..##..........######### #
#.#.# #.c##.#######...........
###.#.####.....(@.###.#.#.#######
............##.##..>..........#
###............######.#.#.###.###
#####.########## ##...## #>...
......# ##.## ##### ####### #.#
#.# #.# #.#########


You could see a centaur.

Vanquished Creatures
  An ice beast (D:2)
  An orc priest (D:3)
  7 adders
  2 worms
  4 dart slugs
  A leopard gecko (D:3)
  6 orcs
  6 bats
  3 giant cockroaches
  9 goblins
  4 hobgoblins
  4 jackals (D:1)
  A quokka (D:3)
  4 ball pythons
  5 frilled lizards
  6 kobolds
  6 rats
70 creatures vanquished.

Notes
Turn   | Place    | Note
-------+----------+-------------------------------------------
     0 | D:1      | Goreval the Octopode Wizard began the quest for the Orb.
     0 | D:1      | Reached XP level 1. HP: 11/11 MP: 4/4
   269 | D:1      | Reached skill level 3 in Stealth
   269 | D:1      | Reached XP level 2. HP: 6/17 MP: 0/6
   276 | D:1      | Learned a level 2 spell: Blink
   279 | D:1      | Learned a level 2 spell: Call Imp
   948 | D:1      | Reached XP level 3. HP: 21/21 MP: 7/7
   972 | D:1      | Learned a level 3 spell: Mephitic Cloud
  1788 | D:2      | Reached XP level 4. HP: 27/27 MP: 8/8
  2462 | D:2      | Noticed an ice beast
  2639 | D:2      | Found a faded altar of an unknown god.
  2711 | D:2      | Became a worshipper of Nemelex Xobeh the Trickster
  2711 | D:2      | Received a gift from Nemelex Xobeh
  2711 | D:2      | Reached * piety under Nemelex Xobeh
  2711 | D:2      | Received a gift from Nemelex Xobeh
  2896 | D:2      | Killed an ice beast
  2896 | D:2      | Reached skill level 4 in Stealth
  2896 | D:2      | Reached XP level 5. HP: 31/31 MP: 10/10
  3584 | D:3      | Reached XP level 6. HP: 36/36 MP: 11/11
  3593 | D:3      | Learned a level 3 spell: Conjure Flame
  4209 | D:3      | HP: 1/36 [centaur/arrow (7)]
  4601 | D:3      | Shot with an arrow by a centaur

Illustrated notes

Levels and vault maps discovered:
D:1:      eino_arrival_water_cross, layout_basic, serial_curves, eino_curves_01,
          eino_curves_04, hangedman_abyss_or_decor_lesser_grid
D:2:      layout_basic, chequers_ecumenical_altar_simple_redux, minivault_23,
          kennysheep_cluttered_room, amethyst_killhole
D:3:      layout_loops_ring, first_ration

Skill      XL: |  1  2  3  4 |
---------------+-------------+-----
Stealth        | 3 4 |  4.6
Conjurations   | 2 3 |  3.9
Dodging        | 3 |  3.3
Spellcasting   | |  3.8
Summonings     | |  1.0
Translocations | |  1.0

Action                   |  1- 3 |  4- 6 || total
-------------------------+-------+-------++-------
Melee: Dagger            |     6 |       ||     6
       Constrict         |     1 |       ||     1
       Tentacles         |     1 |       ||     1
 Cast: Magic Dart        |    81 |   118 ||   199
       Conjure Flame     |       |     1 ||     1
Invok: Draw Destruction  |       |     7 ||     7
       Draw Escape       |       |     2 ||     2
  Use: Scroll            |       |    10 ||    10
  Eat: Chunk             |     2 |     8 ||    10
Armor: Skin              |     2 |     2 ||     4
Dodge: Dodged            |    16 |    24 ||    40
